[Event "*** SCC Grand Prix: Titled Tuesday Blitz"]
[Site "Chess.com"]
[Date "2020.09.08"]
[Round "5"]
[White "kidagent"]
[Black "MathiasWomacka"]
[Result "1-0"]
[WhiteElo "2287"]
[BlackElo "2408"]
[TimeControl "180+1"]
[EndTime "10:57:38 PDT"]
[Termination "kidagent won on time"]

1. e4 c5 2. Nf3 d6 3. d4 cxd4 4.
Nxd4 Nf6 5. Nc3 a6 6. Bg5 e6 7. f4 h6 8. Bh4 Qb6 9. a3 Nbd7 10. Bf2 Qc7 11. Bd3 b5 12. O-O Bb7 13. Qe2 Be7 14.
Rae1 O-O 15. Kh1 Rac8 16. e5 dxe5 17. fxe5 Nd5 18. Qe4 g6 19. Nxd5 Bxd5 20. Qe3 Bg5 21. Qg3 Nc5 22. h4 Nxd3 23. cxd3 Be7 24. Be3 Kh7 25.
Qf4 h5 26. Qh6+ Kg8 27. Bg5 Bxg5 28. Qxg5 Rcd8 29. Rf4 Bb7 30. Qg3 Rd5 31. Rfe4 Rc5 32. R4e2 Rc1 33. Kh2 Rxe1 34. Rxe1 Rd8 35. Ne2 Qe7 36. Nf4 Rd4 37. Rf1 Kh7 38. Kh3 Bc6 39. Ne2 Rd5 40. d4 Rd7 41. Qf4 Bd5 42. Ng3 Bc4 43.
Rf2 Qd8 44. Rd2 Qb6 45. Ne4 Kg7 46. Nf6 Rd8 47. Qe3 Qc6 48. b3 Bd5 49. b4 Qc1 50. Qg5 Qh1+ 51. Kg3 Qe1+ 52. Kh3 Qh1+ 53. Kg3 Qe1+ 54. Kh3 Rc8 55. Nxh5+ Kf8 56. Ng3 Rc1 57. Rd3 1-0

[Event "*** SCC Grand Prix: Titled Tuesday Blitz"]
[Site "Chess.com"]
[Date "2020.09.08"]
[Round "5"]
[White "Off-War"]
[Black "PowerThinking2650"]
[Result "1-0"]
[WhiteElo "2687"]
[BlackElo "2402"]
[TimeControl "180+1"]
[EndTime "10:57:39 PDT"]
[Termination "Off-War won on time"]

1. c4 Nf6 2. Nc3 g6 3. e4 d6 4. d4 Bg7 5. Be2 O-O 6. Be3 e5 7. d5 Na6 8. g4 Nc5 9. f3 a5 10. Qd2 c6 11. Nh3 cxd5 12. cxd5 a4 13. Nf2 Qa5 14.
h4 Bd7 15. h5 Rfc8 16. O-O-O a3 17. Kb1 axb2 18. Qxb2 b5 19. Rc1 b4 20. Ncd1 Na4 21. Qb3 Nc3+ 22. Nxc3 bxc3 23. Bb6 Qa4 24. h6 Rcb8 25. Bc4 Rxb6 26. Qxb6 Qxc4 27. Qb3 Qxb3+ 28. axb3 Bf8 29. Rxc3 Bb5 30. Nd3 Bxd3+ 31. Rxd3 Nd7 32. Rc3 f5 33. gxf5 gxf5 34. Rc7 Nf6 35. Rc4 Ra7 36. Kc2 Kf7 37. Kd3 f4 38. b4 Kg6 39. b5 Nd7 40.
Rb1 Nc5+ 41. Ke2 Be7 42. b6 Rb7 43. Rcc1 Bd8 44. Rg1+ Kxh6 45. Rg4 Bg5 46. Rbg1 Rg7 47. Ra1 Nb3 48. Ra7 Nc5 49. Rxg7 Kxg7 50. Rxg5+ Kf6 51.
Rg1 h5 52. Rc1 h4 53. Rxc5 dxc5 54. b7 h3 55. b8=Q h2 56. Qh8+ 1-0

[Event "*** SCC Grand Prix: Titled Tuesday Blitz"]
[Site "Chess.com"]
[Date "2020.09.08"]
[Round "5"]
[White "Ermito2020"]
[Black "sergeikim"]
[Result "1-0"]
[WhiteElo "2635"]
[BlackElo "2469"]
[TimeControl "180+1"]
[EndTime "10:57:39 PDT"]
[Termination "Ermito2020 won on time"]

1. e4 e5 2. Nf3 Nc6 3. d4 exd4 4. Bc4 Nf6 5. O-O Nxe4 6. Re1 d5 7. Bxd5 Qxd5 8. Nc3 Qa5 9. Nxe4 Be6 10. Neg5 O-O-O 11. Nxe6 fxe6 12. Rxe6 Be7 13. Qe2 Bf6 14. Bd2 Qd5 15.
Qe4 d3 16. c3 Qxe4 17. Rxe4 Rhe8 18. Rae1 Rxe4 19. Rxe4 a5 20. g4 h6 21. h4 Rd5 22. g5 hxg5 23. hxg5 Be7 24. Kg2 b5 25. Rh4 Ne5 26. Rh7 Nxf3 27. Kxf3 Bxg5 28. Rh5 Rf5+ 29. Ke4 Rxf2 30. Bxg5 Rxb2 31. Kxd3 Rxa2 32. Bd2 c6 33. Rg5 a4 34. Rxg7 Ra1 35. Bf4 Rd1+ 36. Kc2 Rd7 37. Rg6 Kb7 38. Be3 Rd5 39. Rg7+ Kc8 40. Bb6 Rd7 41.
Rg5 Kb7 42. Bc5 Rh7 43. Kb2 Rh2+ 44. Ka3 Rc2 45. Rg7+ Kc8 46. Rg3 Kb7 47. Kb4 Rb2+ 48. Ka5 Rb3 49. Rg7+ Kc8 50. Kb6 Kd8 51. Kxc6 Ke8 52.
Re7+ Kd8 53. Re3 a3 54. Re2 Rb2 55. Re1 a2 56. Ra1 Ke8 57. Bb4 1-0

[Event "*** SCC Grand Prix: Titled Tuesday Blitz"]
[Site "Chess.com"]
[Date "2020.09.08"]
[Round "5"]
[White "Orest_Vovk"]
[Black "RusPakhom"]
[Result "1-0"]
[WhiteElo "2489"]
[BlackElo "2290"]
[TimeControl "180+1"]
[EndTime "10:57:39 PDT"]
[Termination "Orest_Vovk won by resignation"]

1. Nf3 Nf6 2. h3 c6 3. Nh2 d5 4. e3 e5 5. Ng4 Bd6 6. Be2 Be6 7. Nxf6+ Qxf6 8. Bg4 Nd7 9. Bxe6 Qxe6 10. d3 O-O 11. Nd2 Rae8 12. Nf3 f5 13. Bd2 e4 14. Nd4 Qg6 15. O-O Ne5 16. f4 exf3 17. Nxf3 Qg3 18. Nxe5 Qxe5 19. Rf3 d4 20. exd4 Qxd4+ 21. Kf1 Bh2 22.
Rf2 Bc7 23. Bc3 Qd6 24. Rf3 Bb6 25. d4 Re4 26. Qd3 g6 27. Rd1 Rfe8 28. Qc4+ Qd5 29. Qxd5+ cxd5 30. Re1 Rxe1+ 31. Bxe1 Bxd4 32. Rd3 Bxb2 33. Rxd5 Re7 34. c3 Ba3 35. Rd8+ Kf7 36. Bf2 a6 37.
Bd4 Ke6 38. Rb8 Bd6 39. Rd8 Kd5 40. Kf2 Kc6 41. Kf3 Rd7 42. Rc8+ Rc7 43. Rh8 Rd7 44.
g4 fxg4+ 45. Kxg4 Bc5 46. Rc8+ Kd5 47. Rxc5+ Ke4 48. Rc8 b5 49. Re8+ Kd3 50. Ra8 b4 51. Rxa6 bxc3 52. Bf6 Rc7 53. Ra3 Kd2 54. Rxc3 Rxc3 55.
Bxc3+ Kxc3 56. Kg5 Kb4 57. Kh6 Ka3 58. Kxh7 1-0

[Event "*** SCC Grand Prix: Titled Tuesday Blitz"]
[Site "Chess.com"]
[Date "2020.09.08"]
[Round "5"]
[White "BocharovD"]
[Black "Rodchenkov_Vitalij"]
[Result "1/2-1/2"]
[WhiteElo "2792"]
[BlackElo "2579"]
[TimeControl "180+1"]
[EndTime "10:57:40 PDT"]
[Termination "Game drawn by repetition"]

1. c4 e6 2. Nf3 d5 3. e3 Nf6 4. b3 Be7 5. Bb2 O-O 6. Nc3 b6 7. cxd5 Nxd5 8. Nxd5 Qxd5 9. Bc4 Qd8 10. O-O Bb7 11. Qe2 Nd7 12. d4 Nf6 13. Rfd1 Bd6 14.
Rac1 Qe7 15. Bd3 Ne4 16. Ne5 c5 17. f3 cxd4 18. Nc4 Nc5 19. Nxd6 Nxd3 20. Rxd3 Qxd6 21.
Rxd4 Qe7 22. Rcd1 Rfd8 23. Ba3 Qe8 24. Bd6 Rac8 25. e4 h6 26. Qd2 Rd7 27. Be5 Rxd4 28.
Qxd4 f6 29. Bd6 e5 30. Qd3 Qc6 31. Rd2 Kh7 32. h3 Qc1+ 33. Kh2 Qa1 34. Rc2 Qb1 35. Rd2 Qxd3 36. Rxd3 Rc2 37. a4 Ba6 38. Rd1 Be2 39. Rg1 Bxf3 40. Kg3 Bxe4 41. Bb8 a6 42. Ba7 Rc3+ 43.
Kf2 Rxb3 44. Rc1 Bd3 45. g4 e4 46. Rc7 b5 47. Bd4 bxa4 48. Bxf6 Kg6 49. Bd4 e3+ 50.
Kxe3 Bc4+ 51. Kf4 Bf7 52. h4 Rb4 53. h5+ Kh7 54. Ke3 Kg8 55. Rc8+ Kh7 56. Rc7 Kg8 57. Rc8+ Kh7 58. Rc7 1/2-1/2

[Event "*** SCC Grand Prix: Titled Tuesday Blitz"]
[Site "Chess.com"]
[Date "2020.09.08"]
[Round "5"]
[White "ChronicUnhappiness"]
[Black "Gabrielian_Artur"]
[Result "0-1"]
[WhiteElo "2455"]
[BlackElo "2703"]
[TimeControl "180+1"]
[EndTime "10:57:40 PDT"]
[Termination "Gabrielian_Artur won on time"]

1. c4 e5 2. g3 Nc6 3. Nc3 Bc5 4. Bg2 a6 5. e3 d6 6. Nge2 Nf6 7. d4 Ba7 8. dxe5 Nxe5 9. h3 O-O 10. b3 Bf5 11. Nf4 c6 12. O-O Re8 13. Ba3 Bc5 14. Bxc5 dxc5 15.
e4 Bg6 16. Nxg6 Nxg6 17. Qxd8 Raxd8 18. Rad1 Rd4 19. f4 Red8 20. e5 Ne8 21. Rxd4 cxd4 22. Na4 b5 23. Nc5 bxc4 24. bxc4 Ne7 25. g4 h5 26. f5 hxg4 27. hxg4 d3 28. Rd1 d2 29. Ne4 f6 30. e6 Rd4 31. c5 g6 32. fxg6 Nxg6 33.
Rxd2 Rxd2 34. Nxd2 Ne5 35. Bf3 Nc7 36. e7 Kf7 37.
Kf2 Kxe7 38. Kg3 Ne6 39. Ne4 a5 40. a4 Nd4 41. Bd1 Ne6 42. Bb3 Nd4 43. Bd1 Nc4 44. Kf4 Nb2 45. Bf3 Nxf3 46. Kxf3 Nxa4 47. Kf4 Nb2 48.
Nc3 Nd3+ 49. Ke3 Nxc5 50. Kd4 Kd6 51. Kc4 Ne6 52. Ne4+ Ke5 53. Nd2 Kf4 54. Nb3 a4 55. Na5 c5 56. Nb7 Kxg4 57. Nd6 f5 58. Kd5 a3 0-1

[Event "*** SCC Grand Prix: Titled Tuesday Blitz"]
[Site "Chess.com"]
[Date "2020.09.08"]
[Round "5"]
[White "peixe64"]
[Black "RobertoJBM"]
[Result "0-1"]
[WhiteElo "2359"]
[BlackElo "2680"]
[TimeControl "180+1"]
[EndTime "10:57:40 PDT"]
[Termination "RobertoJBM won by resignation"]

1. e4 c6 2. d4 d5 3. Nc3 dxe4 4. Nxe4 Nd7 5. Ng5 Ngf6 6. Bd3 e6 7. N1f3 Bd6 8. O-O h6 9. Ne4 Nxe4 10. Bxe4 Qc7 11.
Re1 b6 12. c3 Bb7 13. Bc2 c5 14. d5 e5 15. c4 O-O-O 16. a4 a5 17. Be3 g6 18.
Kh1 f5 19. Ng1 Nf6 20. Ne2 Ng4 21. Nc3 Qe7 22. h3 Qh4 23. Qe2 e4 24. Nb5 Be5 25. Rab1 Nxe3 26. Qxe3 g5 27. Kg1 g4 28. Kf1 h5 29. Red1 Qf6 30. b3 Rde8 31. b4 cxb4 32. c5 f4 33. Qxe4 bxc5 34. Qf5+ Kb8 35. Qxf6 Bxf6 36.
d6 gxh3 37. gxh3 Rhg8 38. d7 Bg2+ 39. Kg1 Bf3+ 40. Kf1 Bg2+ 41. Kg1 Rd8 42. Rd6 Be7 43. Rb6+ Bb7+ 44. Kh2 Rxd7 45. Be4 Bd8 46. Rxb7+ Rxb7 47. Bxb7 Kxb7 48. Re1 Rg6 49. Rd1 Bb6 50. Nd6+ Kc6 51. Nc4 Bc7 52. Re1 f3+ 53. Kh1 Kd5 54. Ne3+ Kd4 55.
Rd1+ Ke4 56. Rd7 Bf4 57. Re7+ Kd3 58. Rf7 Bxe3 59. Rxf3 Re6 60. fxe3 Rxe3 61. Rf5 Kd4 62. Rxh5 b3 63. Rg5 b2 64. Rg1 c4 0-1

[Event "*** SCC Grand Prix: Titled Tuesday Blitz"]
[Site "Chess.com"]
[Date "2020.09.08"]
[Round "5"]
[White "Sergey85Rodchenkov"]
[Black "Reader777"]
[Result "0-1"]
[WhiteElo "2499"]
[BlackElo "2665"]
[TimeControl "180+1"]
[EndTime "10:57:40 PDT"]
[Termination "Reader777 won by resignation"]

1. e4 c5 2. Nf3 d6 3. d4 cxd4 4. Nxd4 e6 5. Nc3 Nc6 6. Bc4 Nf6 7. O-O a6 8. Bb3 Be7 9. Kh1 O-O 10. f4 Na5 11. f5 Nxb3 12. axb3 Bd7 13. Bg5 h6 14. Bh4 Rc8 15. Qf3 Nh7 16. Bxe7 Qxe7 17. Qg3 Nf6 18. fxe6 fxe6 19. e5 dxe5 20. Qxe5 Rc5 21.
Qe2 e5 22. Nf5 Bxf5 23. Rxf5 Rfc8 24. b4 Rc4 25. Rxe5 Qxb4 26. Rf1 Qxb2 27. Nd5 Nxd5 28. Rxd5 Qxc2 29. Qe6+ Kh7 30. Rd7 Qg6 31. Qxg6+ Kxg6 32. Rxb7 Rc1 33. Kg1 Rxf1+ 34. Kxf1 Ra8 35. Rb4 a5 36. Ra4 Kf5 37. Kf2 Ke5 38. Ke3 Kd5 39. Kd3 Kc5 40. Kc3 Kb5 41. Kb3 Re8 42. Rg4 Re3+ 43. Kb2 Re7 44. h4 a4 45. h5 Re5 46. Rxg7 Rxh5 47.
Rb7+ Kc6 48. Ra7 Rh4 49. Kc3 Kd5 50. Kd3 Ke5 51. Ke3 Rb4 52. Rh7 Rb6 53. Ra7 Rb3+ 54. Kf2 a3 55. Rh7 a2 56. Ra7 Rb2+ 57. Kf3 Kf5 58.
Ra5+ Ke6 59. g4 Kd6 60. Kf4 Kc6 61. Kf5 Rb5+ 0-1

[Event "*** SCC Grand Prix: Titled Tuesday Blitz"]
[Site "Chess.com"]
[Date "2020.09.08"]
[Round "5"]
[White "gmasterkiller"]
[Black "vizumatv4hoda"]
[Result "1/2-1/2"]
[WhiteElo "2555"]
[BlackElo "2742"]
[TimeControl "180+1"]
[EndTime "10:57:42 PDT"]
[Termination "Game drawn - insufficient material"]

1. e4 c5 2. Nf3 g6 3. d4 Bg7 4. c4 cxd4 5. Nxd4 Nc6 6. Be3 Nf6 7. Nc3 O-O 8. Be2 b6 9. O-O Bb7 10. f3 e6 11. Nc2 d5 12. cxd5 exd5 13. exd5 Ne7 14.
Bg5 h6 15. Bh4 g5 16. Bf2 Nfxd5 17. Nxd5 Nxd5 18. Bd4 Nf4 19. Bxg7 Kxg7 20. g3 Nd5 21. Qd4+ Qf6 22. Bc4 Rac8 23. Bxd5 Bxd5 24. Qxf6+ Kxf6 25. Ne3 Be6 26. a3 Rfd8 27. Rfd1 h5 28. h4 gxh4 29. gxh4 Ke5 30. Kf2 Rd4 31. Rxd4 Kxd4 32. Rg1 a5 33.
Rg5 Rc5 34. Rg8 Rc1 35. Rb8 Rh1 36. Ng2 Kc5 37. Rh8 Rb1 38. Rxh5+ Kc6 39. Nf4 Rxb2+ 40. Kg3 Ra2 41. Re5 Kd6 42. Re3 b5 43. h5 Ra1 44.
Nxe6 fxe6 45. Kf4 b4 46. axb4 axb4 47. Rb3 Kc5 48. h6 Kc4 49. Rb2 Kc3 50. Rh2 Ra8 51. h7 Rh8 52. Kg5 b3 53. Kg6 b2 54. Rh1 Ra8 55.
Kg7 Ra7+ 56. Kg6 Ra8 57. f4 Kc2 58. Kg7 b1=Q 59. Rxb1 Kxb1 60. h8=Q Rxh8 61. Kxh8 Kc2 62. Kg7 Kd3 63. Kf6 Ke4 64. Kxe6 Kxf4 1/2-1/2

[Event "*** SCC Grand Prix: Titled Tuesday Blitz"]
[Site "Chess.com"]
[Date "2020.09.08"]
[Round "5"]
[White "Kaslask"]
[Black "leejunhyeok"]
[Result "0-1"]
[WhiteElo "2290"]
[BlackElo "2647"]
[TimeControl "180+1"]
[EndTime "10:57:45 PDT"]
[Termination "leejunhyeok won by resignation"]

1. d4 g6 2. c4 Bg7 3. e4 c5 4. Nf3 Qb6 5. dxc5 Qxc5 6. Bd3 d6 7. h3 Nf6 8. O-O O-O 9. Nc3 b6 10. Be3 Qc7 11. Rc1 Nbd7 12. Nd5 Qd8 13. b4 Bb7 14. Re1 e6 15. Nc3 Qe7 16. Nd4 Rac8 17. a3 Ne5 18. Qe2 Nfd7 19. f4 Nxd3 20. Qxd3 a6 21. Bf2 e5 22. Nde2 exf4 23. Nxf4 Ne5 24. Ncd5 Qg5 25. Qf1 Nf3+ 26. Kh1 Nxe1 27. Qxe1 Bh6 28.
Bh4 Qe5 29. Ne7+ Kh8 30. Nfd5 Bxd5 31. Nxd5 Bg7 32. Nxb6 Rce8 33. Nd7 Qxe4 34. Qxe4 Rxe4 35. Nxf8 Rxh4 36. Nd7 Bb2 37. Rb1 Bxa3 38. b5 axb5 39. cxb5 d5 40. b6 Bd6 41. b7 d4 42. b8=Q+ Bxb8 43. Rxb8+ Kg7 44. Ne5 Re4 45. Nf3 d3 46. Rd8 Re3 47. Kg1 f5 48. Kf2 f4 49. Ng5 h6 50. Rd7+ Kf6 51. Nf3 g5 52. Rd4 Kg6 53. Rd5 Kf6 54. Rd6+ Kg7 55. Rd4 Re2+ 56. Kf1 Re3 57.
Nd2 Kf6 58. Ne4+ Ke5 59. Rb4 Rxe4 60. Rb5+ Kd4 61. Rb7 Re5 62. Rb4+ Kc3 63. Rb1 d2 64.
Rd1 Kc2 65. Rxd2+ Kxd2 66. Kf2 Re3 67. g4 Rxh3 0-1

[Event "*** SCC Grand Prix: Titled Tuesday Blitz"]
[Site "Chess.com"]
[Date "2020.09.08"]
[Round "5"]
[White "Vuk2000"]
[Black "SARGISMV"]
[Result "1-0"]
[WhiteElo "2728"]
[BlackElo "2498"]
[TimeControl "180+1"]
[EndTime "10:57:46 PDT"]
[Termination "Vuk2000 won by checkmate"]

1. d4 c5 2. d5 e6 3. c4 exd5 4. cxd5 d6 5. Nc3 a6 6. a4 Ne7 7. e4 Ng6 8. g3 Be7 9. Bg2 Bf6 10. Nge2 O-O 11. O-O Re8 12. f4 Nd7 13. Qc2 Rb8 14. b3 b5 15. axb5 axb5 16. Bb2 b4 17. Na4 Ba6 18.
Rfe1 Bb5 19. Bxf6 Qxf6 20. Nb2 Ra8 21. Rxa8 Rxa8 22. Nc4 Bxc4 23. Qxc4 Ra2 24. Nc1 Ra1 25. Nd3 h5 26. Rxa1 Qxa1+ 27. Kf2 h4 28. Bh3 Qa2+ 29. Kg1 hxg3 30. hxg3 Qb1+ 31. Kf2 Nf6 32. Bf5 Qa2+ 33. Kf3 Ne7 34. g4 Qh2 35. Nf2 g6 36. e5 Nfxd5 37.
Be4 dxe5 38. Bxd5 Nxd5 39. Qxd5 Qxf4+ 40. Ke2 Kg7 41. Qe4 Qf6 42. Nd3 Qh4 43. Qxe5+ Kh7 44.
Qf4 f6 45. Nxc5 Qh3 46. Qf3 Qh2+ 47. Kd3 Qd6+ 48. Kc4 Qd2 49. Qb7+ Kh6 50. Qe4 Kg5 51. Qd3 f5 52. Qxd2+ f4 53. Nd3 Kxg4 54. Qxf4+ Kh3 55.
Qe3+ Kh4 56. Qf4+ Kh5 57. Qg3 g5 58. Ne5 g4 59. Qxg4+ Kh6 60. Qg6# 1-0

[Event "*** SCC Grand Prix: Titled Tuesday Blitz"]
[Site "Chess.com"]
[Date "2020.09.08"]
[Round "5"]
[White "TregubovP"]
[Black "amatatanav"]
[Result "1-0"]
[WhiteElo "2593"]
[BlackElo "2405"]
[TimeControl "180+1"]
[EndTime "10:57:46 PDT"]
[Termination "TregubovP won by resignation"]

1. e4 c5 2. Nf3 Nc6 3. c3 Nf6 4. e5 Nd5 5. d4 cxd4 6. Bc4 Nb6 7. Bb3 d6 8. exd6 Qxd6 9. O-O e5 10. Ng5 Be6 11.
Nxe6 fxe6 12. Bg5 Be7 13. Bxe7 Qxe7 14. Nd2 O-O-O 15. Qe2 Nd5 16. Ne4 Nf4 17. Qc4 Kb8 18. g3 Nd5 19. Rfe1 h5 20. h4 Rhf8 21. Rad1 Rf5 22. Rd2 Rdf8 23. Rde2 Qc7 24. Qb5 a6 25. Qd3 Na5 26. Ng5 Nxb3 27. axb3 Qd6 28. cxd4 Nb4 29. Qc4 Qxd4 30. Nxe6 Qxc4 31. bxc4 R8f7 32. Ng5 Rc7 33.
b3 Nd3 34. Rd1 Nc5 35. Re3 a5 36. Rd5 b6 37. Kg2 Kb7 38. Ne4 Nxe4 39. Rxe4 Rc5 40. Rxc5 bxc5 41. Re2 Kc6 42. Ra2 Kb6 43. Rd2 Rf6 44. Rd5 Re6 45. Kf3 Kc6 46. Ke4 Rf6 47. Ke3 Rf5 48. f3 g6 49. Ke4 Kb6 50. Rxe5 Rf6 51.
g4 Kc6 52. gxh5 gxh5 53. Rxh5 Kd6 54. Rd5+ Kc6 55. Rf5 Re6+ 56. Re5 Rh6 57. h5 Kd6 58. Rd5+ Kc6 59. Rg5 Re6+ 60. Kf5 Re3 61. Rg3 Rxb3 62. h6 Rb8 63. h7 Rh8 64. Kg6 a4 65. Kg7 Rxh7+ 66. Kxh7 Kb6 67. f4 Ka5 68. f5 Kb4 69.
f6 Kxc4 70. f7 Kb4 71. f8=Q 1-0

[Event "*** SCC Grand Prix: Titled Tuesday Blitz"]
[Site "Chess.com"]
[Date "2020.09.08"]
[Round "5"]
[White "Shuvalov"]
[Black "Roza_Idrisova"]
[Result "1/2-1/2"]
[WhiteElo "2460"]
[BlackElo "2161"]
[TimeControl "180+1"]
[EndTime "10:57:46 PDT"]
[Termination "Game drawn by repetition"]

1. e4 c6 2. d4 d5 3. exd5 cxd5 4. c4 Nf6 5. Nc3 Nc6 6. Nf3 Bg4 7. cxd5 Nxd5 8.
Qb3 Bxf3 9. gxf3 e6 10. Qxb7 Nxd4 11. Bb5+ Nxb5 12. Qc6+ Ke7 13. Qc5+ Nd6 14. Nxd5+ exd5 15. O-O Kd7 16. Qxd5 Be7 17. Bf4 Qb6 18. Rad1 Qc6 19. Bxd6 Qxd5 20. Rxd5 Bxd6 21. Rfd1 Rhc8 22. Rxd6+ Ke8 23.
R1d2 Rab8 24. Rd7 Rxb2 25. Rxb2 Kxd7 26. Kg2 Rc7 27. f4 f5 28. Rb5 Ke6 29. Re5+ Kf6 30. Ra5 g6 31. h4 h5 32. Ra6+ Kg7 33.
a4 Kh6 34. a5 Rb7 35. Kg3 Rc7 36. Kf3 Re7 37. Kg2 Rd7 38. Kf1 Re7 39. f3 Kg7 40. Kf2 Kh6 41. Rc6 Rd7 42. Ke3 Rd5 43. Ra6 Rd7 44.
Ke2 Rc7 45. Kd3 Kg7 46. Kd4 Kf7 47. Kd5 Re7 48. Kc6 Re6+ 49. Kb7 Re7+ 50. Ka8 Re3 51. Rxa7+ Kf6 52. a6 Rxf3 53. Rc7 Rxf4 54. a7 Ra4 55. Kb8 f4 56. a8=Q Rxa8+ 57. Kxa8 Kf5 58. Rf7+ Kg4 59. Rf6 Kxh4 60. Rxg6 f3 61. Kb7 f2 62. Rf6 Kg3 63. Rg6+ Kh2 64. Rf6 Kg2 65. Rg6+ Kh2 66. Rf6 Kg2 67.
Rg6+ Kh2 1/2-1/2

[Event "*** SCC Grand Prix: Titled Tuesday Blitz"]
[Site "Chess.com"]
[Date "2020.09.08"]
[Round "5"]
[White "giantslayer83"]
[Black "Duong57"]
[Result "1-0"]
[WhiteElo "2701"]
[BlackElo "2295"]
[TimeControl "180+1"]
[EndTime "10:57:46 PDT"]
[Termination "giantslayer83 won by checkmate"]

1. c4 e5 2. Nc3 Nf6 3. Nf3 d6 4. d4 exd4 5. Nxd4 Be7 6. e4 O-O 7. Be2 Be6 8. O-O Nbd7 9. f4 Nc5 10. Qc2 c6 11. Kh1 a5 12. b3 Re8 13. Be3 Bf8 14.
Rad1 Qc7 15. Bg1 Rad8 16. Bf3 Bg4 17. f5 Ncd7 18. h3 Bxf3 19. gxf3 Nh5 20. Qg2 Ndf6 21. Bh2 Qc8 22. Rg1 Kh8 23. Nde2 b6 24. Nf4 Nxf4 25. Bxf4 Nh5 26. Bh2 g6 27. Ne2 Bg7 28. fxg6 hxg6 29. Rxd6 Rxd6 30. Bxd6 Qe6 31. Bh2 Rd8 32. Qg4 Qxg4 33.
hxg4 Nf6 34. Be5 Rd2 35. Rg2 Nd7 36. Bxg7+ Kxg7 37. Nf4 Rd1+ 38. Kh2 Ne5 39. Kg3 Rf1 40. Rf2 Rg1+ 41. Kh2 Rd1 42. g5 Rc1 43. Kg3 Rg1+ 44. Ng2 Rd1 45. Ne3 Rg1+ 46. Rg2 Re1 47. Ng4 Nd3 48.
Nf6 Re3 49. Rh2 Re1 50. Rh7+ Kf8 51. Rh8+ Ke7 52. f4 Kd6 53. e5+ Kc5 54. Rd8 Rg1+ 55. Kh2 Re1 56. Rxd3 Re2+ 57. Kg3 Rxa2 58. Ne4+ Kb4 59.
Nd6 Rb2 60. Nxf7 Rxb3 61. Rxb3+ Kxb3 62. e6 a4 63. e7 a3 64. e8=Q a2 65. Qe5 Kc2 66.
Qa1 Kb3 67. Ne5 b5 68. cxb5 cxb5 69. f5 b4 70. fxg6 Ka3 71. g7 b3 72. g8=Q b2 73.
Qaxa2+ Kb4 74. Qgc4# 1-0

[Event "*** SCC Grand Prix: Titled Tuesday Blitz"]
[Site "Chess.com"]
[Date "2020.09.08"]
[Round "5"]
[White "HrvojeZagreb"]
[Black "chenxiaoyuer"]
[Result "0-1"]
[WhiteElo "2169"]
[BlackElo "2470"]
[TimeControl "180+1"]
[EndTime "10:57:47 PDT"]
[Termination "chenxiaoyuer won by resignation"]

1. d4 Nf6 2. Bf4 g6 3. Nc3 d5 4. e3 Bg7 5. h4 h5 6. Nf3 O-O 7. Ne5 c5 8. Be2 cxd4 9. exd4 Nc6 10. Qd2 Bf5 11. f3 Nd7 12. Nxc6 bxc6 13. g4 Be6 14.
Bh6 Nf6 15. Rg1 Qb6 16. Bxg7 Kxg7 17. O-O-O Rab8 18. Na4 Qb4 19. Qxb4 Rxb4 20. Nc5 Bc8 21. c3 Rb6 22. g5 Nd7 23. Nd3 Ba6 24. Rge1 Bxd3 25.
Bxd3 e6 26. Kc2 c5 27. dxc5 Nxc5 28. b3 a5 29. Bf1 Rfb8 30. Rd4 Kf8 31. Rb1 Ke7 32.
Be2 Nd7 33. Bd1 Ne5 34. Be2 Nc6 35. Ra4 Kd6 36. Rd1 Kc5 37. c4 d4 38. Kb2 Rb4 39. Rxb4 axb4 40. Bd3 e5 41. Be4 Re8 42. Bxc6 Kxc6 43.
Re1 Kd6 44. Kc2 Ra8 45. Kb2 Ra5 46. Re4 Ke6 47. Kb1 f5 48. gxf6 Kxf6 49. f4 Kf5 50. Rxe5+ Rxe5 51. fxe5 Kxe5 52. a3 bxa3 53. b4 d3 54. b5 d2 55. Kc2 a2 56. Kxd2 a1=Q 57.
Kd3 Qb2 58. Ke3 Qd4+ 59. Ke2 Qxc4+ 60. Kf3 Qxb5 61. Kg2 Qd7 62. Kg3 Qf5 63. Kg2 Ke4 64.
Kg3 Ke3 65. Kg2 Qg4+ 66. Kf1 Qh3+ 67. Kg1 Qxh4 68. Kg2 Qg4+ 69. Kh2 h4 70. Kh1 h3 0-1

[Event "*** SCC Grand Prix: Titled Tuesday Blitz"]
[Site "Chess.com"]
[Date "2020.09.08"]
[Round "5"]
[White "pedromartinez91"]
[Black "GMKrikor"]
[Result "1-0"]
[WhiteElo "2496"]
[BlackElo "2691"]
[TimeControl "180+1"]
[EndTime "10:57:48 PDT"]
[Termination "pedromartinez91 won by resignation"]

1. e4 c5 2. Nf3 d6 3. Bb5+ Nd7 4. O-O a6 5. Bxd7+ Bxd7 6. d4 cxd4 7. Qxd4 Rc8 8. Nc3 e5 9. Qd3 h6 10. Rd1 Nf6 11.
Nd2 Qc7 12. Nf1 Be6 13. Ne3 Be7 14. a4 O-O 15. Bd2 Rfd8 16. Be1 Qc5 17. Kh1 Rd7 18. f3 Bd8 19. Bh4 g5 20. Bf2 Qb4 21. Be1 Qc5 22. Bf2 Qb4 23. Rab1 Ba5 24. Be1 Qd4 25.
Qxd4 exd4 26. Rxd4 Bb6 27. Rd3 Rdc7 28. Bd2 Nd7 29.
Ned5 Bxd5 30. Nxd5 Rxc2 31. Ne7+ Kf8 32. Nxc8 Rxc8 33.
Rxd6 Ke8 34. Rxh6 Rc2 35. Bxg5 f6 36. Bxf6 Be3 37. Rh8+ Kf7 38. Bc3 Nc5 39. Rd8 Nxa4 40. h4 b5 41. Be5 Nc5 42. h5 b4 43. Rbd1 a5 44. g4 a4 45. Rc8 a3 46. bxa3 bxa3 47. Ra8 a2 48. Ra1 Nd3 49. Bg3 Nb4 50. Ra4 Bd4 51.
Rd1 Bc3 52. Ra3 Nd3 53. Rxa2 Nf2+ 54. Bxf2 Rxa2 55. Bd4 Bb4 56. h6 Ra4 57. h7 Bc3 58. h8=Q Bxd4 59. Qxd4 Ke6 60. Rd3 Kf7 61. Qxa4 Kg6 62.
Qb5 Kh6 63. Ra3 Kg7 64. Ra6 1-0

[Event "*** SCC Grand Prix: Titled Tuesday Blitz"]
[Site "Chess.com"]
[Date "2020.09.08"]
[Round "5"]
[White "Xeniya2005"]
[Black "PavelShkapenko"]
[Result "0-1"]
[WhiteElo "2408"]
[BlackElo "2692"]
[TimeControl "180+1"]
[EndTime "10:57:49 PDT"]
[Termination "PavelShkapenko won on time"]

1. e4 c5 2. Be2 Nc6 3. f4 d6 4. Nf3 Nf6 5. d3 g6 6. O-O Bg7 7. c3 O-O 8. Kh1 c4 9. Be3 cxd3 10. Bxd3 d5 11. e5 Ne4 12. Nbd2 Bf5 13. Qc2 Nxd2 14. Qxd2 Bxd3 15. Qxd3 Qd7 16. Rad1 Rad8 17. c4 e6 18. cxd5 Nb4 19. Qb3 Nxd5 20. Bc5 Rfe8 21. Bf2 Rc8 22. g3 Qc6 23. Nd4 Qc4 24. Qxc4 Rxc4 25. b3 Rc3 26. Kg2 a6 27. Rd2 Rec8 28. Rfd1 Bf8 29. Nf3 Bb4 30. Ng5 Rc2 31. Rxc2 Rxc2 32. Kf3 Ba3 33.
g4 Rxa2 34. f5 h6 35. Ne4 gxf5 36. gxf5 Rb2 37. Rd3 Kf8 38. f6 Ke8 39. Bc5 Bxc5 40. Nxc5 Rxh2 41. Kg3 Rc2 42. Ne4 Rc6 43. Nd6+ Rxd6 44.
exd6 Kd7 45. Kg4 Kxd6 46. Kh5 Ke5 47. Kxh6 Nxf6 48. Kg7 Ne4 49. Kxf7 Nc5 50. Re3+ Kd5 51. b4 Ne4 52. Ke7 e5 53. Kd7 b5 54. Kc7 Ng5 55. Kb6 Ne6 56. Kxa6 Nd4 57. Re1 e4 58. Kb6 Ke5 59. Re3 Kf4 60. Re1 Nc2 61. Re2 Nxb4 0-1

[Event "*** SCC Grand Prix: Titled Tuesday Blitz"]
[Site "Chess.com"]
[Date "2020.09.08"]
[Round "5"]
[White "Hasangatin_Ramil"]
[Black "Chessdemon2019"]
[Result "1-0"]
[WhiteElo "2589"]
[BlackElo "2392"]
[TimeControl "180+1"]
[EndTime "10:57:49 PDT"]
[Termination "Hasangatin_Ramil won by checkmate"]

1. e4 c5 2. Nf3 d6 3. d4 cxd4 4. Qxd4 Nc6 5. Bb5 Qa5+ 6. Nc3 Qxb5 7. Nxb5 Nxd4 8. Nfxd4 Kd8 9. c4 Nf6 10. f3 a6 11. Nc3 g6 12. Be3 Bg7 13. O-O Kc7 14. Rac1 Bd7 15. Nc2 Rac8 16. Nb4 Kb8 17. b3 Be6 18. Rc2 Nd7 19. Rfc1 Nc5 20. Nbd5 Bxd5 21. Nxd5 e6 22. Nb4 a5 23. Bxc5 dxc5 24. Nd3 Rhd8 25. Nf2 Rd7 26. Kf1 Rcd8 27. Ke2 Bh6 28. Rd1 Kc7 29. Rxd7+ Rxd7 30. Nd3 b6 31. Ne5 Re7 32. g3 Bg7 33. Nd3 Rd7 34. f4 f5 35. e5 h6 36. h4 Kc6 37. Ne1 g5 38. hxg5 hxg5 39.
Nd3 gxf4 40. gxf4 Bh6 41. Ke3 Rg7 42. Rh2 Rg3+ 43. Kf2 Rxd3 44. Rxh6 Rd2+ 45. Ke3 Rxa2 46.
Rxe6+ Kc7 47. Rf6 Rb2 48. Rxf5 Rxb3+ 49. Ke4 a4 50. Rf7+ Kd8 51. Ra7 a3 52. f5 Rb4 53.
Kd5 b5 54. Kd6 Kc8 55. cxb5 Rxb5 56. Rxa3 c4 57. Rc3 Rb4 58. Kc5 Rb1 59. Rxc4 Kd7 60. Kd5 Rd1+ 61. Rd4 Rf1 62. e6+ Ke7 63. Ke5 Re1+ 64.
Re4 Rf1 65. Rg4 Re1+ 66. Kf4 Rf1+ 67. Kg5 Re1 68. Kg6 Rf1 69. Rg5 Rf2 70. Rg1 Rf3 71. Kg5 Rf2 72. Kg4 Kf6 73. Re1 Rg2+ 74. Kf3 Rg7 75.
Kf4 Ra7 76. Re4 Rb7 77. Kg4 Rg7+ 78. Kf4 Rb7 79. Rd4 Ra7 80. Rd7 Ra4+ 81. Kf3 Ra3+ 82. Ke4 Ra5 83. Rf7+ Kg5 84. e7 Ra8 85. Rf8 Ra4+ 86. Kd5 Ra5+ 87. Kc4 Rxf5 88. Rxf5+ Kxf5 89. e8=Q Kg4 90. Kd4 Kf4 91. Kd3 Kg4 92. Qf7 Kg3 93. Ke3 Kg4 94. Qg6+ Kh4 95. Kf3 Kh3 96. Qh6# 1-0